 Dungeon Crawl Stone Soup version 0.32-a0-560-g4c7f4391e0 (webtiles) character file.

Game seed: 700024114071522879

1888 Dittersdorf the Trooper (level 9, 0/57 HPs)
             Began as a Gargoyle Fighter on Feb 29, 2024.
             Was an Initiate of Gozag.
             Slain by an orc warrior
             ... wielding a +0 glaive
              (8 damage)
             ... on level 7 of the Dungeon.
             The game lasted 00:06:38 (4932 turns).

Dittersdorf the Trooper (Gargoyle Fighter)          Turns: 4932, Time: 00:06:38

Health: 0/57       AC: 21    Str: 24    XL:     9   Next: 15%
Magic:  9/9        EV:  9    Int:  9    God:    Gozag
Gold:   193        SH:  5    Dex:  9    Spells: 8/8 levels left

rFire   + . .        a - +1 flail (heavy)
rCold   . . .        c - +0 buckler
rNeg    + . .        b - +0 scale mail
rPois   ∞            v - +1 helmet
rElec   +            k - +0 cloak
rCorr   .            (no gloves)
SInv    .            (no boots)
Will    .....        (no amulet) Stlth
                     w - +4 ring of protection
HPRegen 0.29/turn    j - ring of protection from fire
MPRegen 0.11/turn

%: no passive effects
@: gold aura
A: sickness immunity, AC +6, negative energy resistance 1, electricity
resistance, torment resistance 1, petrification resistance
a: Renounce Religion, Potion Petition, Call Merchant, Bribe Branch


You were on level 7 of the Dungeon.
You worshipped Gozag.
Gozag was aware of your devotion.
You visited 2 branches of the dungeon, and saw 8 of its levels.

You collected 265 gold pieces.
You paid 72 gold pieces to Gozag.

Inventory:

Hand Weapons
 a - a +1 heavy flail (weapon)
Armour
 b - a +0 scale mail (worn)
 c - a +0 buckler (worn)
 k - a +0 cloak (worn)
 v - a +1 helmet (worn)
Magical Staves
 t - a staff of earth
Jewellery
 j - a ring of protection from fire (right hand)
 w - a +4 ring of protection (left hand)
Wands
 x - a wand of roots (4) (quivered)
Scrolls
 g - a scroll of enchant armour
 p - a scroll of fog
Potions
 d - 5 potions of might
 e - 2 potions of berserk rage
 f - a potion of enlightenment
 h - a potion of resistance
 l - a potion of cancellation
 o - a potion of heal wounds
 q - a potion of invisibility
 r - 2 potions of brilliance
 s - a potion of haste
 u - 2 potions of mutation
 z - 3 potions of curing


   Skills:
 + Level 7.2 Fighting
 + Level 6.1 Maces & Flails
 + Level 7.1 Armour
 + Level 7.1 Shields


You had 8 spell levels left.
You didn't know any spells.
Your spell library contained the following spells:

 Spells                   Type           Power      Damage    Failure   Level
 Apportation              Tloc           0%         N/A       71%         1
 Necrotise                Necr           0%         1d4       71%         1
 Sting                    Conj/Alch      0%         1d3       71%         1
 Summon Small Mammal      Summ           0%         N/A       71%         1
 Ensorcelled Hibernation  Hex/Ice        0%         N/A       85%         2
 Fugue of the Fallen      Necr           0%         N/A       97%         3
 Anguish                  Hex/Necr       0%         N/A       100%        4


Dungeon Overview and Level Annotations

Branches:
Dungeon (8/15)             Temple (1/1) D:5
   Lair: D:8-11

Altars:
Ashenzari
Cheibriados
Elyvilon
Fedhas
Gozag
Kikubaaqudgha
Nemelex Xobeh
Qazlal
Ru
Sif Muna
Trog
Wu Jian
Xom
Yredelemnul
Zin

Shops:
D:5 (


Innate Abilities, Weirdness & Mutations

You are immune to sickness and miasma.
Your stone body is resilient. (AC +6)
You are immune to poison.
You resist negative energy. (rN+)
You are resistant to electric shocks. (rElec)
You are resistant to unholy torment.
You are immune to petrification.


Message History

You closely miss the ice beast.
The ice beast is moderately wounded.
You block the ice beast's attack.
The orc warrior hits you with a +0 glaive!
The ice beast closely misses you.
The orc warrior hits you with a +0 glaive.
You hit the ice beast but do no damage.
The ice beast is moderately wounded.
The ice beast hits you but does no damage.
The orc warrior hits you with a +0 glaive.
You barely miss the ice beast.
The ice beast is moderately wounded.
You block the orc warrior's attack.
The ice beast hits you but does no damage.
The orc warrior closely misses you. The ice beast barely misses you.
You closely miss the ice beast.
The ice beast is moderately wounded.
The orc warrior hits you with a +0 glaive!
* * * LOW HITPOINT WARNING * * *
You block the ice beast's attack.
The orc warrior hits you but does no damage.
The ice beast hits you but does no damage.
You hit the ice beast.
The ice beast is heavily wounded.
The ice beast hits you but does no damage.
The orc warrior hits you with a +0 glaive.
* * * LOW HITPOINT WARNING * * *
You bludgeon the ice beast!!
You kill the ice beast!
The orc warrior barely misses you.
The orc warrior hits you with a +0 glaive.
* * * LOW HITPOINT WARNING * * *
The orc warrior closely misses you.
Items here: $ )) [.
The orc warrior attacks as it pursues you!
The orc warrior closely misses you.
Found 7 stones.
The orc warrior hits you from afar with a +0 glaive!
You die...
Your body crumbles into a pile of gold.

#
####.####.
#.@.>....(
#$##......
#o# ..#..
#s# ...
o.. #..
.#.#. .
..#.#.# #.
#.. . #.
### ..


You could see an orc warrior, a scorpion and an orc.

Vanquished Creatures
  Pikel (D:4)
  Grinder (D:5)
  Menkaure (D:4)
  A water moccasin (D:5)
  2 ice beasts
  A phantom (D:5)
  3 lemures
  3 scorpions (D:4)
  A bombardier beetle (D:3)
  A jelly (D:5)
  2 hounds (D:5)
  A gnoll bouda (D:3)
  An iguana (D:4)
  Jessica (D:3)
  Terence (D:3)
  An orc wizard (D:3)
  Robin (D:3)
  3 gnolls
  16 adders
  A ribbon worm (D:5)
  2 dart slugs
  6 orcs
  12 ball pythons
  13 endoplasms
  8 giant cockroaches
  11 goblins
  8 hobgoblins
  11 jackals
  6 kobolds
  4 quokkas
  10 bats
  3 frilled lizards
  6 rats
143 creatures vanquished.

Vanquished Creatures (others)
  An iguana (D:5)
1 creature vanquished.

Grand Total: 144 creatures vanquished

Notes
Turn   | Place    | Note
-------+----------+-------------------------------------------
     0 | D:1      | Dittersdorf the Gargoyle Fighter began the quest for the
                  | Orb.
     0 | D:1      | Reached XP level 1. HP: 14/14 MP: 1/1
   179 | D:1      | Reached XP level 2. HP: 19/19 MP: 2/2
   474 | D:1      | Reached XP level 3. HP: 23/23 MP: 3/3
  1453 | D:2      | Reached XP level 4. HP: 29/29 MP: 4/4
  1877 | D:2      | Reached XP level 5. HP: 33/33 MP: 5/5
  2221 | D:3      | Noticed Robin
  2237 | D:3      | Killed Robin
  2238 | D:3      | Reached XP level 6. HP: 33/39 MP: 6/6
  2286 | D:3      | Noticed Terence
  2302 | D:3      | Killed Terence
  2337 | D:3      | Found a faded altar of an unknown god.
  2338 | D:3      | Noticed Jessica
  2342 | D:3      | Killed Jessica
  3253 | D:3      | Reached skill level 5 in Fighting
  3520 | D:4      | Reached skill level 5 in Armour
  3523 | D:4      | Identified the +0 spear of the Brewing Weasel {drain, rC+
                  | rN+ rCorr}
  3709 | D:4      | Reached skill level 5 in Shields
  3709 | D:4      | Reached XP level 7. HP: 44/44 MP: 7/7
  3965 | D:4      | Found a snail-covered altar of Cheibriados.
  3966 | D:4      | Found a bloodstained altar of Trog.
  3981 | D:5      | Entered Level 5 of the Dungeon
  3982 | D:5      | Noticed Pikel
  4138 | D:4      | Killed Pikel
  4139 | D:4      | Reached XP level 8. HP: 11/51 MP: 8/8
  4338 | D:4      | Reached skill level 5 in Maces & Flails
  4422 | D:5      | Noticed Menkaure
  4444 | D:4      | Killed Menkaure
  4622 | D:5      | Noticed Grinder
  4623 | D:5      | Paralysed by Grinder for 4 turns
  4633 | D:5      | Killed Grinder
  4634 | D:5      | Reached XP level 9. HP: 47/56 MP: 9/9
  4743 | D:5      | Found a staircase to the Ecumenical Temple.
  4752 | Temple   | Entered the Ecumenical Temple
  4763 | Temple   | Became a worshipper of Gozag Ym Sagoz the Greedy
  4855 | D:5      | Found Waliacip's Firing Range.
  4898 | D:5      | You fall into a shaft and drop 3 floors!
  4932 | D:7      | Slain by an orc warrior

Illustrated notes

Levels and vault maps discovered:
D:1:      lemuel_arrival_muddy, layout_loops_ring, nicolae_figureground_sparkle
D:2:      layout_basic, minmay_stone_trees_small, minivault_14,
          minmay_snake_closets
D:3:      layout_basic, basic_ecumenical_altar, hangedman_decor_clover_reticule,
          uniq_terence, uniq_jessica, uniq_robin
D:4:      layout_gridville, gammafunk_temple_overflow_statue
D:5:      layout_rooms, lemuel_temple_firewalk_b, nicolae_shop_firing_range,
          uniq_grinder, uniq_menkaure, uniq_pikel
D:7:      layout_basic, gammafunk_ghost_abyssal_escape,
          nicolae_ossuary_entry_ruins, uniq_duvessa, uniq_jeremiah
D:8:      layout_rooms, minmay_overflow_temple_hex, uniq_joseph, uniq_maggie
Temple:   nicolae_temple_god_jail

Skill      XL: |  1  2  3  4  5  6  7  8  9 |
---------------+----------------------------+-----
Fighting       | 4 5 6 7 |  7.2
Armour         | 4 5 6 7 |  7.1
Shields        | 4 5 6 7 |  7.1
Maces & Flails | 3 4 5 6 |  6.1

Action                     |  1- 3 |  4- 6 |  7- 9 || total
---------------------------+-------+-------+-------++-------
  Melee: Flail             |   144 |   275 |   163 ||   582
    Use: Scroll            |       |     8 |    14 ||    22
 Armour: Scale mail        |   113 |   241 |   178 ||   532
  Dodge: Dodged            |    73 |   147 |   102 ||   322
  Block: Buckler           |    32 |    81 |    52 ||   165

Table legend: (Time is in decaauts)
 A = Elapsed time spent in this place.
 B = Non-inter-level travel time spent in this place.
 C = Inter-level travel time spent in this place.
 D = Time resting spent in this place.
 E = Time spent auto-exploring this place.
 F = Levels seen in this place.
 G = Mean time per level.
                   A        B        C        D        E       F      G
               +--------+--------+--------+--------+--------+-----+--------+
         Total |   5134 |   4986 |    148 |    450 |   3185 |   8 |  641.8 |
       Dungeon |   5113 |   4983 |    130 |    450 |   3185 |   7 |  730.4 |
        Temple |     20 |      2 |     18 |      0 |      0 |   1 |   20.0 |
               +--------+--------+--------+--------+--------+-----+--------+

Top non-repeatable levels by time:
     D:3: 1345 daAuts
     D:2: 1228 daAuts
     D:4: 1125 daAuts
     D:1: 867 daAuts
     D:5: 499 daAuts
     D:7: 38 daAuts
  Temple: 20 daAuts
     D:8: 8 daAuts
